 Dungeon Crawl Stone Soup version 0.23.0-38-g208d714 (webtiles) character file.

Game seed: 4073551387333123497

840 Irenicus the Geomancer (level 7, -7/55 HPs)
             Began as a Deep Dwarf Earth Elementalist on Feb 27, 2019.
             Killed by divine providence
             ... invoked by an orc priest
              (14 damage)
             ... on level 5 of the Dungeon.
             The game lasted 00:16:40 (2139 turns).

Irenicus the Geomancer (DDEE)                       Turns: 2139, Time: 00:16:40

Health: -7/55      AC:  6    Str: 11    XL:     7   Next: 67%
Magic:  8/15 (9)   EV: 12    Int: 24    God:
Gold:   147        SH:  0    Dex: 13    Spells: 3/9 levels left

rFire    . . .     SeeInvis .   r - +6 Majin-Bo {vamp, Archmagi MP+6 Int+6}
rCold    . . .     Gourm    .   (shield currently unavailable)
rNeg     . . .     Faith    .   l - +0 steam dragon scales
rPois    .         Spirit   .   (no helmet)
rElec    .         Reflect  .   (no cloak)
rCorr    .         Harm     .   (no gloves)
MR       +....                  p - +0 pair of boots
Stlth    ++........             (no amulet)
HPRegen  0.00/turn              (no ring)
MPRegen  0.14/turn              (no ring)

@: lethally poisoned (-7 -> -7), non-regenerating
A: damage resistance, heal wounds, mutation resistance 1, sense surroundings 1,
no regeneration
a: Heal Wounds


You were on level 5 of the Dungeon.
You were very hungry.

You visited 1 branch of the dungeon, and saw 5 of its levels.

You collected 147 gold pieces.

Inventory:

Hand Weapons
 a - a +0 club
   (You took it off a hobgoblin on level 1 of the Dungeon)
 n - the +4 whip of the Desert {freeze, rF+ rN+ Int+4 Dex-5}
   (You found it on level 4 of the Dungeon)

   It has been specially enchanted to freeze those struck by it, causing extra
   injury to most foes and up to half again as much damage against particularly
   susceptible opponents.
   It can also slow down cold-blooded creatures.
   It affects your intelligence (+4).
   It affects your dexterity (-5).
   It protects you from fire.
   It protects you from negative energy.
 r - the +6 Majin-Bo (weapon) {vamp, Archmagi MP+6 Int+6}
   (You found it on level 4 of the Dungeon)

   It inflicts no extra harm, but heals its wielder when it wounds a living foe.
   It affects your intelligence (+6).
   It affects your magic capacity (+6).
Armour
 l - +0 steam dragon scales (worn)
   (You found it on level 5 of the Dungeon)
 p - a +0 pair of boots (worn)
   (You found it on level 4 of the Dungeon)
Wands
 k - a wand of acid (12)
   (You found it on level 5 of the Dungeon)
 t - a wand of scattershot (4)
   (You found it on level 5 of the Dungeon)
Scrolls
 b - a scroll of magic mapping {unknown}
 c - a scroll of remove curse {unknown}
 e - a scroll of enchant weapon {unknown}
 f - 3 scrolls of fear
 h - 5 scrolls of teleportation {unknown}
 i - a scroll of amnesia {unknown}
 j - a scroll of random uselessness {unknown}
 o - a scroll of identify {unknown}
 s - a scroll of fog {unknown}
Potions
 g - 2 potions of mutation {!q}
 m - a potion of agility
Comestibles
 d - 5 rations


   Skills:
 + Level 4.6 Staves
 - Level 2.1 Dodging
 - Level 2.4 Stealth
 - Level 1.7 Spellcasting
 - Level 3.2 Conjurations
 - Level 0.8 Transmutations
 - Level 8.5 Earth Magic


You had 3 spell levels left.
You knew the following spells:

 Your Spells              Type           Power        Failure   Level  Hunger
a - Sandblast             Erth           ######       1%          1    #......
w - Passwall              Tmut/Erth      #####...     2%          2    ##.....
x - Stone Arrow           Conj/Erth      #####.       3%          3    ###....

Your spell library contained the following spells:

 Spells                   Type           Power        Failure   Level  Hunger
 Lee's Rapid Deconstruct  Erth           ######....   10%         5    ######.
 Petrify                  Tmut/Erth      #####...     19%         4    #####..


Dungeon Overview and Level Annotations

Branches:
Dungeon (5/15)
 Temple: D:4-7

Altars:
Ashenzari
Gozag
Ru

Annotations:
D:5 exclusion: Duvessa, Duvessa


Innate Abilities, Weirdness & Mutations

You are resistant to damage.
You can heal yourself by infusing magical energy.
You passively map a small area around you.
You do not regenerate.
You are somewhat resistant to further mutation.


Message History

The worker ant waves its antennae.
You barely miss the worker ant.
The worker ant waves its antennae.
The worker ant barely misses you.
You closely miss the worker ant. The worker ant barely misses you.
The worker ant closely misses you.
You sock the worker ant!
You kill the worker ant!
The worker ant closely misses you.
You sock the worker ant! The worker ant barely misses you.
You sock the worker ant!
You kill the worker ant!
You see here a worker ant corpse.
MP restored: 15
d - 5 rations (gained 1)
A rock wall.
You feel a surge of power!
You begin to meditate on the wall.
You continue meditating on the rock. x2
You finish merging with the rock.
You now have 13/15 mp.
The helpless giant cockroach fails to defend itself.
You thump the giant cockroach!
You feel better.
You kill the giant cockroach!
An ice beast comes into view.
You are no longer poisoned.
Aim: an ice beast You feel a surge of power!
The blast of sand hits the ice beast.
q - 8 stones You now have 13/15 mp.
Aim: an ice beast (lightly wounded)
You feel a surge of power!
The blast of sand hits the ice beast!
q - 7 stones The ice beast hits you.
The ice beast freezes you!
* * * LOW HITPOINT WARNING * * *
You take 9 damage, and have 15/55 hp.
You now have 12/15 mp.
Aim: an ice beast (severely wounded)
You feel a surge of power!
The blast of sand hits the ice beast!
You kill the ice beast!
Your Staves skill increases to level 4!
q - 6 stones You now have 11/15 mp.
A worker ant comes into view.
A crimson imp comes into view.
You see here 16 gold pieces.
You now have 147 gold pieces (gained 16).
You barely miss the worker ant. The worker ant bites you!
* * * LOW HITPOINT WARNING * * *
You take 5 damage, and have 10/55 hp.
You closely miss the worker ant.
The worker ant bites you but does no damage.
The worker ant bites you.
* * * LOW HITPOINT WARNING * * *
You are poisoned.
The worker ant poisons you!
You take 2 damage, and have 8/55 hp.
Aim: a worker ant You feel a surge of power!
The blast of sand misses the worker ant.
The blast of sand hits the crimson imp!
q - 5 stones The worker ant closely misses you.
Aim: a worker ant You feel a surge of power!
The blast of sand hits the worker ant!!
You kill the worker ant!
q - 4 stones You now have 12/15 mp.
Aim: a crimson imp (severely wounded)
You feel a surge of power!
The blast of sand hits the crimson imp!
You kill the crimson imp!
q - 3 stones You now have 11/15 mp.
k - a wand of acid (12)
Found 15 gold pieces.
Found a shattered altar of Ashenzari.
t - a wand of scattershot (4)
You are feeling very hungry. 3 orcs come into view.
Aim: an orc, wielding a +0 hand axe (resting)
You feel a surge of power!
The blast of sand hits the orc!!!
You kill the orc!
q - 2 stones The orc shouts!
You hear a shout!
An orc comes into view. It is wielding a -3 short sword.
An orc priest comes into view. It is wielding a +0 flail.
Aim: an orc, wielding a +0 flail and wearing a +0 leather armour
Okay, then.
Aim: an orc, wielding a +0 flail and wearing a +0 leather armour You feel a surge of power!
The blast of sand hits the orc!
You kill the orc!
q - a stone You now have 12/15 mp.
Aim: an orc priest, wielding a +0 flail and wearing a +0 ring mail You feel a surge of power!
The blast of sand hits the orc priest!
You now have no stones remaining.
You now have 11/15 mp.
Aim: an orc priest, wielding a +0 flail and wearing a +0 ring mail (heavily wounded)
You feel a surge of power!
The stone arrow hits the orc priest.
* * * LOW HITPOINT WARNING * * *
The orc priest calls down the wrath of Beogh upon you.
Beogh smites you!
You die...

, #..##.....#####*
,..#.......#.. ,
.$...._...oo **
##$#......o#,# * ###. ,
..##....)##.# >,...?
..##...# #.###* ##... #
#.##)###....## #....
#.##..o#........ ,..... *
*,* .##......@.#.....
*#.... * .............#.#
* *#.... ,, ,
.#.###.#.####.# #.#.. , ..
#.#.# #.# #.#.# *
##..##.#.####.########..#
..........................
###..####.####.#########.#
#. * #...##.# #.. # *
###.##.# ###


You could see an orc priest.

Vanquished Creatures
  Sigmund (D:5)
  A steam dragon (D:5)
  2 ice beasts (D:5)
  A crimson imp (D:5)
  5 worker ants
  A hound skeleton (D:4)
  A howler monkey skeleton (D:4)
  9 adders
  2 oozes
  2 worms
  A dart slug (D:1)
  2 leopard geckos (D:4)
  9 orcs
  11 bats
  6 giant cockroaches
  9 hobgoblins
  16 jackals
  7 kobolds
  3 quokkas
  4 frilled lizards
  A giant cockroach zombie (D:5)
  6 goblins
  8 rats
108 creatures vanquished.

Notes
Turn   | Place    | Note
-------+----------+-------------------------------------------
     0 | D:1      | Irenicus the Deep Dwarf Earth Elementalist began the quest
                  | for the Orb.
     0 | D:1      | Reached XP level 1. HP: 15/15 MP: 3/3
    73 | D:1      | Reached XP level 2. HP: 20/22 MP: 0/4
    99 | D:1      | Reached skill level 5 in Earth Magic
   278 | D:1      | Learned a level 2 spell: Passwall
   382 | D:1      | Reached XP level 3. HP: 18/28 MP: 2/5
   542 | D:2      | Reached skill level 6 in Earth Magic
   721 | D:2      | Reached XP level 4. HP: 13/36 MP: 0/6
   810 | D:2      | Learned a level 3 spell: Stone Arrow
  1046 | D:3      | Reached skill level 7 in Earth Magic
  1066 | D:3      | Found an opulent altar of Gozag.
  1139 | D:3      | HP: 7/36 [adder (3)]
  1149 | D:3      | Reached skill level 1 in Conjurations
  1246 | D:3      | Gained mutation: You occasionally shout uncontrollably at
                  | your foes. [potion of mutation]
  1246 | D:3      | Lost mutation: You occasionally shout uncontrollably at
                  | your foes. [potion of mutation]
  1246 | D:3      | Gained mutation: You are somewhat resistant to further
                  | mutation. [potion of mutation]
  1246 | D:3      | HP: 6/36 [adder (1)]
  1250 | D:3      | Reached XP level 5. HP: 33/42 MP: 1/7
  1432 | D:4      | Noticed a phantom
  1456 | D:4      | Found a shattered altar of Ashenzari.
  1623 | D:4      | Got a scorched whip
  1624 | D:4      | Identified the +4 whip of the Desert {freeze, rF+ rN+ Int+4
                  | Dex-5} (You found it on level 4 of the Dungeon)
  1648 | D:4      | Reached skill level 2 in Conjurations
  1724 | D:4      | Found the +6 Majin-Bo {vamp, Archmagi MP+6 Int+6}
  1731 | D:4      | Irenicus: ?? majin-bo
  1731 | D:4      | beem: majin-bo[1/3]: +6 Majin-Bo {vamp, Archmagi, MP+6
                  | Int+6}. It's a quarterstaff! Acts as a universal spell
                  | enhancer, but costs HP every time you cast a spell: 1 HP
                  | per MP spent. (This will never kill you directly.)
  1926 | D:5      | Entered Level 5 of the Dungeon
  1960 | D:5      | Noticed Sigmund
  1961 | D:5      | Found a sacrificial altar of Ru.
  1962 | D:5      | Reached XP level 6. HP: 22/49 MP: 8/8
  1964 | D:5      | HP: 12/49 [something (10)]
  1965 | D:5      | Killed Sigmund
  1965 | D:5      | Reached skill level 3 in Conjurations
  1965 | D:5      | Reached skill level 8 in Earth Magic
  2009 | D:5      | Noticed a steam dragon
  2012 | D:5      | HP: 10/49 [something/ball of steam (12)]
  2019 | D:5      | Killed a steam dragon
  2019 | D:5      | Reached skill level 2 in Staves
  2019 | D:5      | Reached XP level 7. HP: 20/55 MP: 9/9
  2023 | D:5      | Reached skill level 3 in Staves
  2052 | D:5      | Noticed Duvessa
  2097 | D:5      | Reached skill level 4 in Staves
  2111 | D:5      | HP: 10/55 [worker ant (5)]
  2127 | D:5      | Found a shattered altar of Ashenzari.
  2139 | D:5      | HP: 7/55 [the Majin-Bo (1)]
  2139 | D:5      | Killed from afar by an orc priest

Skill      XL: |  1  2  3  4  5  6  7 |
---------------+----------------------+-----
Earth Magic    | 5 6 7 8 |  8.5
Conjurations   | 1 2 3 |  3.2
Staves         | 2 4 |  4.6
Dodging        | |  2.1
Stealth        | |  2.4
Spellcasting   | |  1.7
Transmutations | |  0.8

Action                   |  1- 3 |  4- 6 |  7- 9 || total
-------------------------+-------+-------+-------++-------
Melee: Unarmed           |     1 |       |       ||     1
       Club              |    49 |    41 |       ||    90
       Whip              |       |    13 |       ||    13
       Quarterstaff      |       |    25 |    15 ||    40
 Cast: Sandblast         |    47 |    35 |    12 ||    94
       Passwall          |     4 |    13 |     1 ||    18
       Stone Arrow       |       |    18 |     1 ||    19
 Abil: Heal Wounds       |       |     1 |       ||     1
  Use: Potion            |       |     4 |       ||     4
       Scroll            |       |     2 |       ||     2
 Stab: Sleeping          |     4 |     3 |     1 ||     8
  Eat: Chunk             |       |     6 |       ||     6
       Ration            |       |     2 |       ||     2
Armor: Robe              |    11 |       |       ||    11
       Leather armour    |     1 |    37 |       ||    38
       Steam dragon scal |       |       |     2 ||     2
Dodge: Dodged            |    60 |    97 |    11 ||   168

Levels and vault maps discovered:
D:1:      eino_arrival_cavern_b, layout_rooms, chequers_avenue,
          columned_hall_lemuel, minmay_misc_feat_square, minmay_hexomino_u4
D:2:      layout_basic
D:3:      layout_rooms, chequers_serial_rivers_large_a, minmay_misc_feat_chi,
          nicolae_gozag_cash_rules_everything_around_me
D:4:      layout_basic, cheibrodos_ashenzari_chains
D:5:      layout_loops_ring, lemuel_round_altar, first_ration,
          nicolae_ru_sacrificial_ziggurat, uniq_duvessa, uniq_sigmund

Table legend:
 A = Turns spent in this place as a percentage of turns spent in the entire game.
 B = Non-inter-level travel turns spent in this place as a percentage of non-inter-level travel turns spent in the entire game.
 C = Inter-level travel turns spent in this place as a percentage of turns spent in this place.
 D = Turns resting spent in this place as a percentage of non-inter-level travel turns spent in this place.
 E = Turns spent auto-exploring this place as a percentage of non-inter-level travel turns spent in this place.
 F = Non-inter-level travel turns spent in this place divided by the number of levels of this place that you've seen.
                   A       B       C       D       E      F
               +-------+-------+-------+-------+-------+----------------------
         Total | 100.0 | 100.0 |   0.0 |   0.0 |   0.0 | 427.8
       Dungeon | 100.0 | 100.0 |   0.0 |   0.0 |   0.0 | 427.8
               +-------+-------+-------+-------+-------+----------------------

Table legend:
 A = Kills in this place as a percentage of kills in entire the game.
 B = Kills by you in this place as a percentage of kills by you in the entire game.
 C = Kills by friends in this place as a percentage of kills by friends in the entire game.
 D = Other kills in this place as a percentage of other kills in the entire game.
 E = Experience gained in this place as a percentage of experience gained in the entire game.
 F = Experience gained in this place divided by the number of levels of this place that you have seen.
                   A       B       C       D       E      F
               +-------+-------+-------+-------+-------+----------------------
         Total | 100.0 | 100.0 |   N/A |   N/A | 100.0 | 240.0
       Dungeon | 100.0 | 100.0 |   N/A |   N/A | 100.0 | 240.0
               +-------+-------+-------+-------+-------+----------------------
